 Dungeon Crawl Stone Soup version 0.29-a0-1027-gcd8c55af63 (webtiles) character file.

Game seed: 8304108326164576052

667 Manisian the Grave Robber (level 7, -2/48 HPs)
             Began as a Mummy Necromancer on Aug 12, 2022.
             Slain by an ogre
             ... wielding a +0 giant spiked club
              (27 damage)
             ... on level 5 of the Dungeon.
             The game lasted 00:20:09 (6853 turns).

Manisian the Grave Robber (Mummy Necromancer)       Turns: 6853, Time: 00:20:09

Health: -2/48      AC:  4    Str: 11    XL:     7   Next: 31%
Magic:  12/14      EV: 12    Int: 16    God:
Gold:   241        SH:  0    Dex: 13    Spells: 12/16 levels left

rFire   x . .      SeeInvis .   d - +1 trident
rCold   + . .      Faith    .   (no shield)
rNeg    + + +      Spirit   .   j - +1 robe
rPois   ∞          Reflect  .   (no helmet)
rElec   .          Harm     .   (no cloak)
rCorr   .          Rampage  .   s - +0 pair of gloves
Will    .....                   (no boots)
Stlth   ++........              (no amulet)
HPRegen 0.16/turn               (no ring)
MPRegen 0.14/turn               (no ring)

@: no status effects
A: cold resistance 1, negative energy resistance 3, torment resistance 2, heat
vulnerability 1, in touch with death 1, no potions
a: no special abilities


You were on level 5 of the Dungeon.
You visited 1 branch of the dungeon, and saw 5 of its levels.

You collected 262 gold pieces.
You spent 21 gold pieces at shops.

Inventory:

Hand Weapons
 a - a +0 arbalest
 b - a +1 dagger
 d - a +1 trident (weapon)
 f - a +2 mace
 n - a +0 halberd
Missiles
 e - 12 poisoned darts (quivered)
 l - 3 atropa-tipped darts
 q - a throwing net
Armour
 i - a +0 kite shield
 j - a +1 robe (worn)
 s - a +0 pair of gloves (worn)
Magical Staves
 m - a staff of conjuration
Jewellery
 k - a ring of wizardry
Scrolls
 c - a scroll of poison
 g - 4 scrolls of teleportation
 h - 4 scrolls of identify
 p - a scroll of fear {unknown}
 r - a scroll of enchant armour


   Skills:
 + Level 1.5 Fighting
 + Level 3.1 Polearms
 - Level 0.4 Ranged Weapons
 + Level 0.1 Throwing
 + Level 2.0 Dodging
 - Level 1.6 Stealth
 - Level 5.0 Spellcasting
 + Level 6.5 Necromancy


You had 12 spell levels left.
You knew the following spells:

 Your Spells              Type           Power      Damage    Failure   Level
a - Necrotise             Necr           100%       1d9       1%          1
b - Vampiric Draining     Necr           37%        2d8       3%          3

Your spell library contained the following spells:

 Spells                   Type           Power      Damage    Failure   Level
 Animate Dead             Necr           37%        N/A       11%         4
 Agony                    Necr           37%        N/A       28%         5
 Summon Hydra             Summ           2%         N/A       100%        7
 Sublimation of Blood     Necr           Unusable   N/A       N/A         2
 Wereblood                Tmut           Unusable   N/A       N/A         2

Dungeon Overview and Level Annotations

Branches:
Dungeon (5/15)
 Temple: D:4-7

Altars:
Ashenzari
Makhleb
Okawaru
Trog
Xom
Yredelemnul

Shops:
D:4 *


Innate Abilities, Weirdness & Mutations

You are immune to poison.
Your flesh is cold resistant. (rC+)
You are immune to negative energy. (rN+++)
You are immune to unholy pain and torment.
You are vulnerable to heat. (rF-)
You are in touch with the powers of death.
You do not drink.


Message History

You swap places.
You swap places.
The ogre attacks as you move away! The ogre barely misses you.
Your quokka skeleton barely misses the ogre.
You reach to attack!
You hit the ogre.
The ogre is lightly wounded.
The ogre hits your quokka skeleton with a +0 giant spiked club!!
Your quokka skeleton is destroyed!
Things that are here:
a +1 vorpal flail; a murky pink potion The rat twitches its whiskers.
There is a stone staircase leading up here.
You climb upwards.
There is a stone staircase leading down here.
You start resting.
Magic restored.
There is a stone staircase leading down here.
You climb downwards.
There is a stone staircase leading up here.
There is an open door here.
Casting: Necrotise (safe; 1% risk of failure)
Confirm with . or Enter, or press ? or * to list all spells.
Aiming: Necrotise (safe; 1% risk of failure)
Press: ? - help, Shift-Dir - straight line, f - ogre
Aim: an ogre, wielding a +0 giant spiked club (wandering, hasn't noticed you, chance to affect: 83%)
You feel a surge of power!
The ogre shouts!
The ogre writhes in agony.
Unknown command.
Casting: Necrotise (safe; 1% risk of failure)
Confirm with . or Enter, or press ? or * to list all spells.
Aiming: Necrotise (safe; 1% risk of failure)
Press: ? - help, Shift-Dir - straight line, f/p - ogre
Aim: an ogre, wielding a +0 giant spiked club (lightly wounded, chance to affect: 83%)
You feel a surge of power!
The ogre writhes in agony.
The ogre attacks as you move away!
The ogre hits you with a +0 giant spiked club!!
The ogre attacks as you move away!
The ogre hits you with a +0 giant spiked club!!
Ouch! That really hurt!
You die...

#.#..........'......##.#
#.#..........#.###..##.#
#.#..........#.#.#..##.# #..#
#.#.......##.#.#.#..##.# #..#
#.#.......##.....#..##.# #..#
#.#.##...........#<....# #..#
#.#.#####........#.##### #..#
#.#.......#####.O......# #..#
..#######.######@....#.# #..#
###..................#.# #..# #
#.######...........#.# #...
###'#####........#'###.# #.##
##...............#.# #.# #.##
##.........#####+#.# #.#######.#.
##.........###.....###.........#.
##........................)....#.
.#................###............


You could see an ogre.

Vanquished Creatures
  An ice beast (D:5)
  A jelly (D:5)
  2 hounds (D:5)
  An orc priest (D:2)
  4 iguanas
  An orc wizard (D:4)
  5 adders
  9 gnolls
  5 river rats (D:5)
  A shadow imp (D:5)
  5 worms
  12 orcs
  7 ball pythons
  6 bats
  12 endoplasms
  3 giant cockroaches
  10 goblins
  7 hobgoblins
  A jackal (D:2)
  4 kobolds
  9 quokkas
  3 frilled lizards
  8 rats
117 creatures vanquished.

Vanquished Creatures (collateral kills)
  An orc (D:5)
  2 endoplasms (D:1)
  2 goblins
  A ball python (D:1)
  2 rats (D:5)
8 creatures vanquished.

Grand Total: 125 creatures vanquished

Notes
Turn   | Place    | Note
-------+----------+-------------------------------------------
     0 | D:1      | Manisian the Mummy Necromancer began the quest for the Orb.
     0 | D:1      | Reached XP level 1. HP: 13/13 MP: 4/4
   117 | D:1      | Reached XP level 2. HP: 19/19 MP: 0/5
   659 | D:1      | Gained mutation: You are in touch with the powers of death.
                  | [Mummy growth]
   659 | D:1      | Reached XP level 3. HP: 24/24 MP: 2/7
  1192 | D:1      | Learned a level 3 spell: Vampiric Draining
  1857 | D:2      | Reached skill level 5 in Necromancy
  2003 | D:2      | Found a faded altar of an unknown god.
  2066 | D:2      | Reached XP level 4. HP: 30/30 MP: 6/9
  2504 | D:2      | Found a basalt altar of Yredelemnul.
  2881 | D:3      | Found a broken altar of Ashenzari.
  2934 | D:3      | Found a bloodstained altar of Trog.
  3060 | D:3      | Reached XP level 5. HP: 35/35 MP: 11/11
  4049 | D:4      | Found Voihut's General Store.
  4054 | D:4      | Bought 3 atropa-tipped darts for 21 gold pieces
  4071 | D:4      | Reached skill level 5 in Spellcasting
  4466 | D:4      | Found a shimmering altar of Xom.
  4506 | D:4      | Found an iron altar of Okawaru.
  4617 | D:4      | Reached skill level 1 in Polearms
  4855 | D:5      | Entered Level 5 of the Dungeon
  4966 | D:5      | Reached XP level 6. HP: 36/41 MP: 6/13
  5040 | D:5      | Reached skill level 6 in Necromancy
  5592 | D:5      | Found a burning altar of Makhleb.
  5750 | D:5      | Reached skill level 1 in Fighting
  5887 | D:5      | Noticed an ice beast
  5909 | D:5      | Killed an ice beast
  5910 | D:5      | Reached XP level 7. HP: 18/48 MP: 7/14
  5934 | D:5      | HP: 2/48 [adder (2)]
  6853 | D:5      | Slain by an ogre

Illustrated notes

Levels and vault maps discovered:
D:1:      lightli_arrival_maybe_door_vault, layout_loops_ring, serial_rivers,
          chequers_serial_rivers_micro_a, chequers_serial_rivers_small_b,
          chequers_serial_rivers_marsh, chequers_serial_rivers_micro_a,
          chequers_serial_rivers_micro_e, chequers_arboretum
D:2:      minmay_chambers_of_twos, layout_loops_ring,
          ebering_ecumenical_altar_box, basic_altar
D:3:      layout_basic, evilmike_ruin_ashenzari, general_overflow_altar,
          minmay_statues_item, minmay_diced_spiral
D:4:      layout_loops_ring, mainiacjoe_overflow_two_lobes, serial_shops,
          nicolae_shop_advertising_works [nicolae_subvault_shop_adworks]
D:5:      lemuel_ratsnest, layout_basic, mainiacjoe_overflow_alcove_2

Skill      XL: |  1  2  3  4  5  6 |
---------------+-------------------+-----
Spellcasting   | 3 4 5 |  5.0
Necromancy     | 5 6 |  6.5
Polearms       | 1 3 |  3.1
Fighting       | 1 |  1.5
Dodging        | 2 |  2.0
Ranged Weapons | |  0.4
Throwing       | |  0.1
Stealth        | |  1.6

Action                   |  1- 3 |  4- 6 |  7- 9 || total
-------------------------+-------+-------+-------++-------
Melee: Mace              |    13 |     5 |       ||    18
       Trident           |       |    19 |    26 ||    45
       Punch             |       |       |     1 ||     1
 Fire: Arbalest          |       |    18 |       ||    18
Throw: Dart              |       |     4 |     2 ||     6
 Cast: Necrotise         |    63 |   106 |    24 ||   193
       Vampiric Draining |     1 |    13 |     5 ||    19
Evoke: Wand              |       |     2 |     7 ||     9
  Use: Scroll            |     4 |     7 |       ||    11
Armor: Robe              |     6 |     6 |     4 ||    16
Dodge: Dodged            |    18 |    32 |    21 ||    71

Table legend: (Time is in decaauts)
 A = Elapsed time spent in this place.
 B = Non-inter-level travel time spent in this place.
 C = Inter-level travel time spent in this place.
 D = Time resting spent in this place.
 E = Time spent auto-exploring this place.
 F = Levels seen in this place.
 G = Mean time per level.
                   A        B        C        D        E       F      G
               +--------+--------+--------+--------+--------+-----+--------+
         Total |   6893 |   6256 |    637 |   1792 |   2946 |   5 | 1378.6 |
       Dungeon |   6893 |   6256 |    637 |   1792 |   2946 |   5 | 1378.6 |
               +--------+--------+--------+--------+--------+-----+--------+

Top non-repeatable levels by time:
     D:5: 1937 daAuts
     D:1: 1483 daAuts
     D:2: 1330 daAuts
     D:4: 1322 daAuts
     D:3: 819 daAuts
